 Dungeon Crawl Stone Soup version 0.29-a0-320-g9f8742066b (webtiles) character file.

Game seed: 16888391528770993696

196 sokol815 the Sneak (level 5, -5/33 (46) HPs)
             Began as an Octopode Venom Mage on Apr 3, 2022.
             Slain by Duvessa
             ... wielding a +1 short sword of draining
              (7 damage)
             ... on level 4 of the Dungeon.
             The game lasted 00:06:57 (3129 turns).

sokol815 the Sneak (Octopode Venom Mage)            Turns: 3129, Time: 00:06:58

HP:   -5/33 (46)    AC:  1    Str:  8    XL:     5   Next: 74%
MP:   8/8           EV: 12    Int: 19    God:
Gold: 217           SH:  7    Dex: 12    Spells: 4/8 levels left

rFire   . . .      SeeInvis .   a - +2 short sword (venom)
rCold   + . .      Faith    .   b - +3 warlock's mirror {reflect}
rNeg    . . .      Spirit   .   (helmet restricted)
rPois   .          Reflect  +   (no amulet)
rElec   .          Harm     .   C - ring of protection from cold {rC+, !d}
rCorr   .          Rampage  .   (no ring)
Will    .....                   (no ring)
Stlth   ..........              (no ring)
HPRegen 0.11/turn               (no ring)
MPRegen 0.11/turn               (no ring)
                                (no ring)
                                (no ring)

@: berserking, lit by a corona, glowing, very heavily drained, very quick
A: almost no armour, amphibious, 8 rings, camouflage 1, gelatinous body 1,
(nimble swimmer 1), tentacles
a: no special abilities


You were on level 4 of the Dungeon.
You visited 1 branch of the dungeon, and saw 4 of its levels.

You collected 231 gold pieces.
You spent 14 gold pieces at shops.

Inventory:

Hand Weapons
 a - a +2 short sword of venom (weapon)
   (You took it off a kobold on level 1 of the Dungeon)
 c - a +0 spear
   (You found it on level 1 of the Dungeon)
 l - the +2 trident "Gigis" {speed, +Blink}
   (You found it on level 3 of the Dungeon)

   Attacks with this weapon are significantly faster.
   +Blink:    It lets you blink.
Missiles
 m - a throwing net {!d}
 s - 86 stones
Armour
 b - the +3 warlock's mirror (worn) {reflect}
   (You acquired it on level 1 of the Dungeon)

   It can block and reflect piercing ranged attacks and magical attacks against
   the wielder's willpower.
Magical Staves
 h - a staff of air {rElec}
   (You found it on level 3 of the Dungeon)
Jewellery
 C - a ring of protection from cold (left tentacle) {rC+, !d}
   (You found it on level 3 of the Dungeon)
Wands
 i - a wand of iceblast (3)
   (You found it on level 3 of the Dungeon)
Scrolls
 D - 2 scrolls of blinking {!r}
Potions
 d - a potion of lignification {unknown}
 e - a potion of brilliance {unknown}
 f - a potion of resistance {unknown}
 g - a potion of attraction {!q}
 j - a potion of cancellation {unknown}
 k - a potion of curing {unknown}
 H - a potion of haste
 M - a potion of magic
 N - a potion of heal wounds {@q2}
 T - a potion of berserk rage {!q}


   Skills:
 * Level 2.7 Short Blades
 - Level 2.0 Dodging
 + Level 4.5 Stealth
 + Level 2.0 Shields
 - Level 2.0 Spellcasting
 + Level 1.2 Conjurations
 - Level 1.0 Transmutations
 + Level 1.4 Air Magic
 + Level 4.1 Poison Magic


You had 4 spell levels left.
You knew the following spells:

 Your Spells              Type           Power      Damage    Failure   Level
a - Sting                 Tmut/Pois      44%        1d5       8%          1
x - Mephitic Cloud        Conj/Pois/Air  10%        N/A       26%         3

Your spell library contained the following spells:

 Spells                   Type           Power      Damage    Failure   Level
 Poisonous Vapours        Pois/Air       24%        N/A       11%         2
 Foxfire                  Conj/Fire      16%        2x1d4     17%         1
 Olgreb's Toxic Radiance  Pois           17%        N/A       38%         4
 Conjure Flame            Conj/Fire      4%         6-21      45%         3
 Dazzling Flash           Conj/Hex       8%         N/A       45%         3
 Inner Flame              Hex/Fire       1%         N/A       54%         3
 Flame Wave               Conj/Fire      4%         2d5       86%         4
 Agony                    Necr           1%         N/A       99%         5
 Silence                  Hex/Air        2%         N/A       99%         5


Dungeon Overview and Level Annotations

Branches:
Dungeon (4/15)
 Temple: D:4-7

Altars:

Shops:
D:2 =   D:3 !

Annotations:
D:2 Natasha
D:4 exclusion: wyvern, Dowan, Duvessa


Innate Abilities, Weirdness & Mutations

You cannot wear most types of armour.
You are amphibious.
You can wear up to eight rings at the same time.
Your skin changes colour to match your surroundings (Stealth+).
Your rubbery body absorbs attacks. (AC +1, EV +1)
((You are camouflaged when in or above water. (Stealth+)))
You have tentacles for arms and can constrict up to eight enemies at once.


Message History

The adder hisses angrily.
You hear a shout!
You barely miss the ball python. You grab the ball python.
You squeeze the ball python, but do no damage.
You constrict the ball python. You block the ball python's attack.
The ball python grabs you. The ball python constricts you.
You hit the ball python.
You kill the ball python!
An orc comes into view. It is wielding a +0 short sword.
The orc shouts!
You see here a ball python corpse.
You hit the adder.
The adder is poisoned.
Your grab misses the adder. The adder bites you.
You are poisoned.
The adder poisons you!
You take 1 damage, and have 30/31 hp.
You closely miss the adder. Your grab misses the adder.
Your squeeze misses the adder.
You feel sick. You block the adder's attack. The adder completely misses you.
You take 2 damage, and have 28/31 hp.
You hit the adder.
The adder looks as sick as possible!
You grab the adder. You constrict the adder.
You feel sick.
You kill the adder!
You take 1 damage, and have 27/31 hp.
You feel sick. You block the orc's attack.
Duvessa, Sister of Dowan comes into view.
She is wielding a +1 short sword of draining.
You take 1 damage, and have 26/31 hp.
You hit the orc but do no damage.
The orc is poisoned.
You grab the orc. You squeeze the orc. You constrict the orc.
You feel sick.
You are no longer poisoned.
You kill the orc!
You take 1 damage, and have 25/31 hp.
There is a stone staircase leading up here.
You climb upwards.
There is a stone staircase leading down here.
You start resting.
Health restored: 31 You climb downwards.
Level annotation: exclusion: wyvern, Duvessa You block Duvessa's attack.
There is a stone staircase leading up here.
Duvessa hits you with a +1 short sword of draining!
You feel drained.
You climb upwards.
There is a stone staircase leading down here.
You take 15 damage, and have 16/29 hp.
MASSIVE DAMAGE!!
You start resting.
Health restored: 29 You climb downwards.
Level annotation: exclusion: wyvern, Duvessa Duvessa drinks a potion.
Duvessa seems to grow stronger.
You block Duvessa's attack.
Dowan, Brother of Duvessa comes into view.
He is wielding a +0 dagger.
There is a stone staircase leading up here.
You hit Duvessa.
Duvessa is poisoned.
You grab Duvessa. You squeeze Duvessa.
You constrict Duvessa, but do no damage.
You block Duvessa's attack.
You hit Duvessa but do no damage.
Duvessa looks as sick as possible!
You constrict Duvessa, but do no damage.
Duvessa hits you with a +1 short sword of draining.
You feel drained.
You take 7 damage, and have 22/28 hp.
MASSIVE DAMAGE!!
You hit Duvessa but do no damage. You squeeze Duvessa.
You constrict Duvessa, but do no damage.
Duvessa hits you with a +1 short sword of draining!
You feel drained.
You take 9 damage, and have 13/26 hp.
MASSIVE DAMAGE!!
You are too injured to fight recklessly!
Unknown command.
You are too injured to fight recklessly!
Unknown command.
You hit Duvessa but do no damage.
Duvessa looks as sick as possible!
You constrict Duvessa, but do no damage.
You block Duvessa's attack.
Dowan points at you and mumbles some strange words.
You are outlined in light.
You hit Duvessa but do no damage.
Duvessa looks as sick as possible!
You constrict Duvessa, but do no damage.
Duvessa hits you with a +1 short sword of draining.
* * * LOW HITPOINT WARNING * * *
You feel drained.
* * * LOW HITPOINT WARNING * * *
You take 7 damage, and have 6/25 hp.
MASSIVE DAMAGE!!
You feel much better.
You constrict Duvessa.
Duvessa hits you with a +1 short sword of draining!
Ouch! That really hurt!
You feel drained.
You regained 5 hp, and now have 11/24 hp.
Really quaff
T - 2 potions of berserk rage {!q}?
A red film seems to cover your vision as you go berserk!
You feel yourself moving faster!
You feel mighty!
You constrict Duvessa, but do no damage.
Duvessa hits you with a +1 short sword of draining!
* * * LOW HITPOINT WARNING * * *
You feel drained.
You die...

#. #..##.........#.......
..#####............#....... .
....#....#................ .?.
.##......##.....##.##.........
.........###..........#..#....
..#......####.........##.##.#.
(.###...........##....##..#.#.
..........#..e........#.......
..........#..@e....#.....e....
..................###.........
...................#..#...†.).
..............................
..........#.##..#####..#.....#
.##..#..######....##.........#
#.##.#####..........#......#
#..... ............###.#....
...... .............# ..##...


You could see Duvessa (strong, extremely poisoned) and Dowan.

Vanquished Creatures
  2 hounds (D:3)
  Jessica (D:2)
  A gnoll (D:3)
  3 adders
  2 worms (D:2)
  An orc (D:4)
  8 ball pythons
  4 bats
  4 endoplasms
  2 giant cockroaches
  4 goblins
  11 hobgoblins
  2 jackals (D:1)
  6 kobolds
  3 quokkas
  4 frilled lizards
  5 rats
63 creatures vanquished.

Notes
Turn   | Place    | Note
-------+----------+-------------------------------------------
     0 | D:1      | sokol815 the Octopode Venom Mage began the quest for the
                  | Orb.
     0 | D:1      | Reached XP level 1. HP: 11/11 MP: 3/3
    99 | D:1      | Reached skill level 3 in Stealth
   160 | D:1      | Identified a scroll of acquirement
   160 | D:1      | Acquired the +3 warlock's mirror {reflect}
   160 | D:1      | Found the +3 warlock's mirror {reflect}
   261 | D:1      | Found a faded altar of an unknown god.
   264 | D:1      | Reached XP level 2. HP: 17/17 MP: 5/5
   443 | D:1      | Reached skill level 1 in Short Blades
   872 | D:1      | Reached XP level 3. HP: 21/21 MP: 6/6
   915 | D:2      | Reached skill level 1 in Shields
   940 | D:2      | HP: 3/21 [worm (10)]
  1215 | D:2      | Learned a level 3 spell: Mephitic Cloud
  1357 | D:2      | Noticed Natasha
  1501 | D:2      | Reached skill level 4 in Stealth
  1522 | D:2      | Found Xaateu Nina's Jewellery Emporium.
  1645 | D:2      | Noticed Jessica
  1649 | D:2      | Killed Jessica
  1650 | D:2      | Reached skill level 2 in Short Blades
  1650 | D:2      | Reached XP level 4. HP: 26/27 MP: 7/7
  2313 | D:3      | Identified the +2 trident "Gigis" {speed, +Blink}
  2330 | D:3      | Found Piyr's Distillery.
  2338 | D:3      | Bought a potion of degeneration for 14 gold pieces
  2403 | D:3      | Reached skill level 1 in Air Magic
  2614 | D:3      | Reached skill level 1 in Conjurations
  2614 | D:3      | Reached skill level 4 in Poison Magic
  2614 | D:3      | Reached XP level 5. HP: 23/31 MP: 8/8
  2626 | D:3      | Reached skill level 2 in Shields
  2902 | D:4      | Noticed a wyvern
  2925 | D:4      | Noticed Duvessa
  3122 | D:4      | Noticed Dowan
  3127 | D:4      | HP: 6/25 [Duvessa/+1 short sword of draining (1)]
  3129 | D:4      | HP: 2/36 [Duvessa/+1 short sword of draining (15)]
  3129 | D:4      | Slain by Duvessa

Illustrated notes

Levels and vault maps discovered:
D:1:      elethiomel_arrival_infinity_welcomes_careful_drivers,
          layout_loops_cross, chequers_ecumenical_altar_island, st_stairs_4
D:2:      layout_loops_ring, serial_shops, shop, uniq_natasha, uniq_jessica
D:3:      layout_loops_ring, serial_shops, nicolae_square_shop,
          cheibrodos_gnoll_hut
D:4:      layout_cave_pools, amcnicky_mini_rare_corridor_liquid, uniq_duvessa

Skill      XL: |  1  2  3  4  5 |
---------------+----------------+-----
Stealth        | 3 4 |  4.5
Short Blades   | 1 2 |  2.7
Shields        | 1 2 |  2.0
Air Magic      | 1 |  1.4
Conjurations   | 1 |  1.2
Poison Magic   | 4 |  4.1
Dodging        | |  2.0
Spellcasting   | |  2.0
Transmutations | |  1.0

Action                   |  1- 3 |  4- 6 || total
-------------------------+-------+-------++-------
Melee: Spear             |     7 |       ||     7
       Short sword       |    53 |    41 ||    94
       Constrict         |    13 |    10 ||    23
       Tentacles         |     6 |     9 ||    15
Throw: Stone             |     3 |       ||     3
  Use: Scroll            |     5 |     5 ||    10
       Potion            |       |     3 ||     3
 Stab: Sleeping          |    18 |    10 ||    28
Armor: Skin              |     4 |     2 ||     6
Dodge: Dodged            |    21 |    17 ||    38
Block: Buckler           |     7 |    17 ||    24
       Reflection        |       |     1 ||     1

Table legend: (Time is in decaauts)
 A = Elapsed time spent in this place.
 B = Non-inter-level travel time spent in this place.
 C = Inter-level travel time spent in this place.
 D = Time resting spent in this place.
 E = Time spent auto-exploring this place.
 F = Levels seen in this place.
 G = Mean time per level.
                   A        B        C        D        E       F      G
               +--------+--------+--------+--------+--------+-----+--------+
         Total |   3138 |   3084 |     54 |    521 |   2092 |   4 |  784.5 |
       Dungeon |   3138 |   3084 |     54 |    521 |   2092 |   4 |  784.5 |
               +--------+--------+--------+--------+--------+-----+--------+

Top non-repeatable levels by time:
     D:2: 1104 daAuts
     D:3: 1057 daAuts
     D:1: 890 daAuts
     D:4: 86 daAuts

Table legend:
 A = Kills in this place as a percentage of kills in entire the game.
 B = Kills by you in this place as a percentage of kills by you in the entire game.
 C = Kills by friends in this place as a percentage of kills by friends in the entire game.
 D = Other kills in this place as a percentage of other kills in the entire game.
 E = Experience gained in this place as a percentage of experience gained in the entire game.
 F = Experience gained in this place divided by the number of levels of this place that you have seen.
                   A       B       C       D       E      F
               +-------+-------+-------+-------+-------+----------------------
         Total | 100.0 | 100.0 |   N/A |   N/A | 100.0 |  70.0
       Dungeon | 100.0 | 100.0 |   N/A |   N/A | 100.0 |  70.0
               +-------+-------+-------+-------+-------+----------------------
